 Dungeon Crawl Stone Soup version 0.28.0-43-g3370ac3207 (webtiles) character file.

Game seed: 5456166634545879772

77 Ablot the Grasshopper (level 4, -2/38 HPs)
             Began as a Gnoll Warper on Mar 14, 2022.
             Slain by an orc wizard
             ... wielding a +0 dagger of distortion
              (21 damage)
             ... on level 3 of the Dungeon.
             The game lasted 00:02:11 (2302 turns).

Ablot the Grasshopper (Gnoll Warper)                Turns: 2302, Time: 00:02:12

Health: -2/38      AC:  3    Str: 12    XL:     4   Next: 33%
Magic:  11/11      EV: 13    Int: 18    God:
Gold:   122        SH:  0    Dex: 12    Spells: 11/13 levels left

rFire   . . .      SeeInvis .   a - +0 spear
rCold   . . .      Faith    .   (no shield)
rNeg    . . .      Spirit   .   b - +0 leather armour
rPois   .          Reflect  .   (no helmet)
rElec   .          Harm     .   (no cloak)
rCorr   .          Rampage  .   (no gloves)
Will    .....                   (no boots)
Stlth   +.........              (no amulet)
HPRegen 0.12/turn               q - +6 ring of intelligence
MPRegen 0.12/turn               (no ring)

@: no status effects
A: fangs 1, strong nose, distributed training
a: no special abilities


You were on level 3 of the Dungeon.
You visited 1 branch of the dungeon, and saw 3 of its levels.

You collected 122 gold pieces.

Inventory:

Hand Weapons
 a - a +0 spear (weapon)
Missiles
 d - 5 boomerangs of dispersal
 e - 75 stones
 g - 13 sling bullets
 k - 27 arrows
 t - a boomerang (quivered)
Armour
 b - a +0 leather armour (worn)
Jewellery
 q - a +6 ring of intelligence (left hand)
Scrolls
 c - 2 scrolls of blinking
 i - 2 scrolls of identify {unknown}
 l - a scroll of enchant armour {unknown}
 p - a scroll of amnesia {unknown}
 r - a scroll of noise {unknown}
Potions
 f - a potion of curing {unknown}
 h - a potion of mutation {unknown}
 m - a potion of berserk rage {unknown}
 n - a potion of lignification {unknown}
 o - a potion of haste {unknown}
 s - a potion of might {unknown}


   Skills:
 + Level 4.6 Fighting
 + Level 1.1 Short Blades
 + Level 1.1 Long Blades
 + Level 1.1 Axes
 + Level 1.1 Maces & Flails
 + Level 4.6 Polearms
 + Level 1.1 Staves
 + Level 1.1 Slings
 + Level 1.1 Bows
 + Level 1.1 Crossbows
 + Level 2.7 Throwing
 + Level 2.7 Armour
 + Level 4.6 Dodging
 + Level 1.1 Stealth
 + Level 1.1 Shields
 + Level 1.1 Unarmed Combat
 + Level 5.0 Spellcasting
 + Level 0.8 Conjurations
 + Level 0.8 Hexes
 + Level 0.8 Summonings
 + Level 0.8 Necromancy
 + Level 5.4 Translocations
 + Level 0.8 Transmutations
 + Level 0.8 Fire Magic
 + Level 0.8 Ice Magic
 + Level 0.8 Air Magic
 + Level 0.8 Earth Magic
 + Level 0.8 Poison Magic
 + Level 1.2 Invocations
 + Level 1.1 Evocations


You had 11 spell levels left.
You knew the following spells:

 Your Spells              Type           Power      Damage    Failure   Level
a - Blink                 Tloc           48%        N/A       2%          2

Your spell library contained the following spells:

 Spells                   Type           Power      Damage    Failure   Level
 Gell's Gravitas          Tloc           24%        N/A       5%          3
 Lesser Beckoning         Tloc           24%        N/A       5%          3
 Teleport Other           Tloc           24%        N/A       5%          3
 Manifold Assault         Tloc           24%        N/A       43%         5


Dungeon Overview and Level Annotations

Branches:
Dungeon (3/15)

Altars:


Innate Abilities, Weirdness & Mutations

You have very sharp teeth.
Your uncanny sense of smell can sniff out nearby items.
Your experience applies equally to all skills.


Message History

There is a stone staircase leading down here.
You climb downwards.
Found two stone staircases leading up.
There is a stone staircase leading up here.
There is a stone staircase leading up here.
Throw: 3 javelins
Press: ? - help, Q - select action, (/) - cycle Shift-Dir - straight line, f - orc wizard
Aim: an orc wizard, wielding a +0 dagger of distortion and wearing a +0 robe (53% to hit)
You throw a javelin.
The javelin closely misses the orc wizard.
The orc wizard mumbles some strange words.
The orc wizard flickers and vanishes!
Deactivating autopickup; reactivate with Ctrl-A.
Throw: 2 javelins
Press: ? - help, Q - select action, (/) - cycle Shift-Dir - straight line You throw a javelin.
Unknown command.
Throw: javelin
Press: ? - help, Q - select action, (/) - cycle Shift-Dir - straight line You throw a javelin.
Unknown command.
Reach: a) +0 spear
Press: ? - help, Dir - move target, f - you That would be overly suicidal.
Okay, then.
Unknown command.
Reach: a) +0 spear
Press: ? - help, Dir - move target You reach to attack!
You miss something.
Unknown command.
Reach: a) +0 spear
Press: ? - help, Dir - move target You reach to attack!
You hit something.
Unknown command.
You miss something. Something hits you. Space warps horribly around you!
You closely miss something. Something hits you. Space warps around you.
You hit something. Something hits you but does no damage.
Space warps horribly around you!!
Ouch! That really hurt!
You die...

#.# #.# #.# #.# ∆
#<# #. #.####.
#<..<#.#
####.#.######
#.#.##@{.# #####
#.#.##.#...((. ...#
#.#....#
..######)#####
#.#..###
......)......
#.#....#
.#..###)#####
#.#.##.#.###.. #<# #
#.#........... #)##
#
#...........>......#
#
#.#.###.....#o###..#


There were no monsters in sight!

Vanquished Creatures
  2 adders (D:2)
  5 orcs
  3 ball pythons (D:1)
  9 bats
  3 endoplasms
  2 giant cockroaches
  2 goblins
  3 hobgoblins
  7 jackals
  2 kobolds
  A quokka (D:1)
  4 frilled lizards
  7 rats
50 creatures vanquished.

Notes
Turn   | Place    | Note
-------+----------+-------------------------------------------
     0 | D:1      | Ablot the Gnoll Warper began the quest for the Orb.
     0 | D:1      | Reached XP level 1. HP: 20/20 MP: 6/6
   255 | D:1      | Reached XP level 2. HP: 26/26 MP: 7/7
   258 | D:1      | Learned a level 2 spell: Blink
   676 | D:1      | Reached XP level 3. HP: 31/31 MP: 9/9
   721 | D:1      | Reached skill level 5 in Spellcasting
  1204 | D:2      | Reached skill level 1 in Invocations
  1236 | D:2      | Found a faded altar of an unknown god.
  1526 | D:2      | You fall into a shaft and drop 1 floor!
  1621 | D:3      | Reached skill level 1 in Short Blades
  1621 | D:3      | Reached skill level 1 in Long Blades
  1621 | D:3      | Reached skill level 1 in Axes
  1621 | D:3      | Reached skill level 1 in Maces & Flails
  1621 | D:3      | Reached skill level 1 in Staves
  1621 | D:3      | Reached skill level 1 in Slings
  1621 | D:3      | Reached skill level 1 in Bows
  1621 | D:3      | Reached skill level 1 in Crossbows
  1621 | D:3      | Reached skill level 1 in Stealth
  1621 | D:3      | Reached skill level 1 in Shields
  1621 | D:3      | Reached skill level 1 in Unarmed Combat
  1621 | D:3      | Reached skill level 1 in Evocations
  1884 | D:2      | Reached XP level 4. HP: 38/38 MP: 11/11
  2302 | D:3      | Slain by an orc wizard

Illustrated notes

Levels and vault maps discovered:
D:1:      psy_arrival_terrarium, layout_rooms
D:2:      layout_loops_ring, hellmonk_ecumenical_altar_leap_of_faith,
          grunt_ministairs_15, minmay_pentomino_r4
D:3:      layout_loops_ring

Skill      XL: |  1  2  3 |
---------------+----------+-----
Spellcasting   | 5 |  5.0
Invocations    | 1 |  1.2
Short Blades   | 1 |  1.1
Long Blades    | 1 |  1.1
Axes           | 1 |  1.1
Maces & Flails | 1 |  1.1
Staves         | 1 |  1.1
Slings         | 1 |  1.1
Bows           | 1 |  1.1
Crossbows      | 1 |  1.1
Stealth        | 1 |  1.1
Shields        | 1 |  1.1
Unarmed Combat | 1 |  1.1
Evocations     | 1 |  1.1
Fighting       | |  4.6
Polearms       | |  4.6
Throwing       | |  2.7
Armour         | |  2.7
Dodging        | |  4.6
Conjurations   | |  0.8
Hexes          | |  0.8
Summonings     | |  0.8
Necromancy     | |  0.8
Translocations | |  5.4
Transmutations | |  0.8
Fire Magic     | |  0.8
Ice Magic      | |  0.8
Air Magic      | |  0.8
Earth Magic    | |  0.8
Poison Magic   | |  0.8

Action                   |  1- 3 |  4- 6 || total
-------------------------+-------+-------++-------
Melee: Spear             |   176 |    21 ||   197
       Bite              |    13 |       ||    13
       Punch             |     2 |       ||     2
Throw: Javelin           |       |     3 ||     3
 Stab: Sleeping          |     3 |       ||     3
Armor: Leather armour    |    30 |     3 ||    33
Dodge: Dodged            |    91 |     7 ||    98
